 Dungeon Crawl Stone Soup version 0.28.0 (webtiles) character file.

Game seed: 6271848470198828378

526 AmazingTV the Covert (level 7, -3/33 HPs)
             Began as a Spriggan Brigand on June 26, 2022.
             Was an Initiate of Okawaru.
             Slain by a water moccasin (5 damage)
             ... on level 5 of the Dungeon.
             The game lasted 00:17:29 (7451 turns).

AmazingTV the Covert (Spriggan Brigand)             Turns: 7451, Time: 00:17:30

Health: -3/33      AC:  3    Str:  7    XL:     7   Next: 2%
Magic:  8/8        EV: 16    Int: 12    God:    Okawaru [......]
Gold:   159        SH:  0    Dex: 19    Spells: 6/6 levels left

rFire   . . .      SeeInvis +   a - +2 dagger (venom)
rCold   . . .      Faith    +   (no shield)
rNeg    . . .      Spirit   .   b - +0 robe
rPois   +          Reflect  .   (helmet restricted)
rElec   .          Harm     .   c - +0 cloak
rCorr   .          Rampage  .   (gloves unavailable)
Will    +....                   (boots unavailable)
Stlth   ++++......              u - amulet of faith
HPRegen 0.11/turn               x - ring of poison resistance
MPRegen 0.11/turn               (no ring)

@: slowed, quick
A: very small, no large weapons, unfitting armour, see invisible, speed 3
a: Renounce Religion


You were on level 5 of the Dungeon.
You worshipped Okawaru.
Okawaru was noncommittal.
You visited 2 branches of the dungeon, and saw 8 of its levels.

You collected 159 gold pieces.

Inventory:

Hand Weapons
 a - a +2 dagger of venom (weapon)
 o - a +2 dagger
Missiles
 e - 2 curare-tipped darts (quivered)
 i - 180 stones
 n - 27 arrows
 t - a throwing net
Armour
 b - a +0 robe (worn)
 c - a +0 cloak (worn)
Jewellery
 d - a ring of resist corrosion
 u - an amulet of faith (around neck)
 x - a ring of poison resistance (left hand)
Wands
 w - a wand of flame (14)
Scrolls
 h - 2 scrolls of teleportation {unknown}
 j - 2 scrolls of amnesia {unknown}
 l - 2 scrolls of fog {unknown}
 m - 5 scrolls of identify {unknown}
 r - a scroll of fear {unknown}
 s - a scroll of magic mapping {unknown}
 v - a scroll of torment {unknown}
 y - a scroll of immolation {unknown}
Potions
 f - 4 potions of heal wounds {unknown}
 g - a potion of degeneration {unknown}
 k - 2 potions of lignification {unknown}
 p - 2 potions of mutation {unknown}
 q - a potion of curing


   Skills:
 - Level 1.5 Fighting
 * Level 5.1 Short Blades
 + Level 3.2(4.3) Slings
 + Level 3.4(3.9) Throwing
 - Level 1.3 Dodging
 * Level 8.9 Stealth


You had 6 spell levels left.
You didn't know any spells.
Your spell library contained the following spells:

 Spells                   Type           Power      Damage    Failure   Level
 Freeze                   Ice            0%         1d3       32%         1
 Corpse Rot               Necr/Air       0%         N/A       45%         2
 Poisonous Vapours        Pois/Air       0%         N/A       45%         2
 Frozen Ramparts          Ice            0%         1d2       69%         3
 Ignite Poison            Fire/Tmut/Pois 0%         N/A       69%         3
 Mephitic Cloud           Conj/Pois/Air  0%         N/A       69%         3
 Hailstorm                Conj/Ice       0%         3d3       97%         4
 Freezing Cloud           Conj/Ice/Air   0%         6-21      100%        5


Dungeon Overview and Level Annotations

Branches:
Dungeon (7/15)             Temple (1/1) D:4

Altars:
Cheibriados
Dithmenos
Elyvilon
Fedhas
Gozag
Hepliaklqana
Kikubaaqudgha
Nemelex Xobeh
Okawaru
Qazlal
Ru
Sif Muna
Uskayaw
Wu Jian
Xom
Yredelemnul
Zin
The Shining One

Annotations:
D:4 Grinder


Innate Abilities, Weirdness & Mutations

You are very small and have problems with some larger weapons.
You are too small for most types of armour.
You have supernaturally acute eyesight. (SInv)
You cover ground extremely quickly. (Speed+++)


Message History

You hit the kobold brigand but do no damage.
The kobold brigand is poisoned.
You hit the kobold brigand.
The kobold brigand looks as sick as possible!
The kobold brigand is lightly wounded.
The kobold brigand closely misses you. The kobold barely misses you.
You hit the kobold brigand.
The kobold brigand looks as sick as possible!
The kobold brigand is moderately wounded.
The kobold brigand hits you with a +0 short sword!
The kobold closely misses you.
You barely miss the kobold brigand.
The kobold brigand is heavily wounded.
The kobold brigand hits you with a +0 short sword.
The kobold barely misses you.
The kobold brigand throws a curare-tipped dart.
The curare-tipped dart hits you.
The kobold brigand throws a curare-tipped dart.
The curare-tipped dart hits you.
You have difficulty breathing.
* * * LOW HITPOINT WARNING * * *
You feel yourself slow down.
There is a stone staircase leading up here.
You kill the kobold brigand!
Okawaru accepts your kill.
You have reached level 7!
There is a stone staircase leading up here.
You climb upwards.
The water moccasin hisses angrily.
There is a stone staircase leading down here.
You hit the water moccasin.
The water moccasin is lightly wounded.
The water moccasin bites you!
* * * LOW HITPOINT WARNING * * *
You barely miss the water moccasin.
The water moccasin is lightly wounded.
The water moccasin barely misses you. The water moccasin misses you.
You hit the water moccasin.
The water moccasin is moderately wounded.
The water moccasin bites you.
You die...

#.#.. #...#
#.#.# #.#.#
...#
###..#####
...#....S...#
#....@....#
#.........#
#.........#
...#........#
.. #..#######
# ##. #. #.


You could see a water moccasin.

Vanquished Creatures
  A kobold brigand (D:6)
  A bullfrog (D:3)
  A howler monkey (D:4)
  A hound (D:4)
  An orc priest (D:4)
  Natasha (thrice) (D:2)
  An orc wizard (D:3)
  Robin (D:2)
  4 gnolls (D:3)
  6 adders
  A worm (D:3)
  9 orcs
  9 ball pythons
  4 bats
  5 endoplasms
  12 goblins
  10 hobgoblins
  2 jackals (D:3)
  4 quokkas
  2 frilled lizards (D:3)
  4 kobolds
  5 rats
87 creatures vanquished.

Vanquished Creatures (others)
  10 fungi (D:3)
10 creatures vanquished.

Grand Total: 97 creatures vanquished

Notes
Turn   | Place    | Note
-------+----------+-------------------------------------------
     0 | D:1      | AmazingTV the Spriggan Brigand began the quest for the Orb.
     0 | D:1      | Reached XP level 1. HP: 10/10 MP: 2/2
    38 | D:1      | Found a faded altar of an unknown god.
   521 | D:1      | Reached skill level 6 in Stealth
   582 | D:1      | Reached XP level 2. HP: 14/14 MP: 3/3
  1443 | D:2      | Noticed Natasha
  1458 | D:2      | Noticed a crimson imp
  1970 | D:2      | Reached XP level 3. HP: 18/18 MP: 4/4
  2007 | D:2      | Killed Natasha
  2008 | D:2      | Reached skill level 1 in Slings
  2050 | D:2      | Noticed Natasha
  2228 | D:2      | Killed Natasha
  2229 | D:2      | Reached skill level 7 in Stealth
  2229 | D:2      | Reached XP level 4. HP: 10/22 MP: 5/5
  2419 | D:2      | Noticed Robin
  2958 | D:2      | Killed Robin
  3273 | D:2      | Noticed Natasha
  3293 | D:2      | Killed Natasha
  3664 | D:3      | Reached XP level 5. HP: 25/25 MP: 6/6
  3923 | D:3      | Found a snail-covered altar of Cheibriados.
  4184 | D:3      | Found an opulent altar of Gozag.
  4754 | D:3      | Reached skill level 8 in Stealth
  4754 | D:3      | Reached XP level 6. HP: 25/30 MP: 7/7
  5004 | D:4      | Noticed Grinder
  5947 | D:4      | Found a staircase to the Ecumenical Temple.
  5957 | Temple   | Entered the Ecumenical Temple
  6169 | Temple   | Became a worshipper of Warmaster Okawaru
  7033 | D:4      | Reached skill level 5 in Short Blades
  7233 | D:4      | Paralysed by Grinder for 3 turns
  7372 | D:4      | You fall into a shaft and drop 3 floors!
  7372 | D:7      | Noticed an orc warrior
  7446 | D:6      | Reached XP level 7. HP: 9/33 MP: 8/8
  7448 | D:5      | Entered Level 5 of the Dungeon
  7449 | D:5      | HP: 1/33 [water moccasin (8)]
  7451 | D:5      | Slain by a water moccasin

Illustrated notes

Levels and vault maps discovered:
D:1:      lemuel_arrival_hallway, layout_loops_ring, basic_ecumenical_altar,
          minmay_pentomino_w4
D:2:      layout_loops_ring, dk_noncrumbling_3, uniq_robin, uniq_natasha
D:3:      layout_basic, mainiacjoe_overflow_cross_hatched,
          mainiacjoe_overflow_six_doors_small, st_stairs_5
D:4:      layout_cave_pools, minmay_temple_entry_stoned_glass, serial_shops,
          kennysheep_little_box, uniq_grinder
D:5:      nicolae_cairo_tiling, layout_basic, ashenzari_conservatory_becter,
          minmay_hedge_maze, uniq_eustachio
D:6:      layout_rooms
D:7:      layout_layer_cave, grunt_decor_fettered, uniq_maggie, uniq_harold
Temple:   eino_temple_scatter_basement

Skill      XL: |  1  2  3  4  5  6 |
---------------+-------------------+-----
Stealth        | 6 7 8 |  8.9
Short Blades   | 3 4 5 |  5.1
Slings         | 1 2 3 |  3.2
Throwing       | 3 |  3.4
Fighting       | |  1.5
Dodging        | |  1.3

Action                   |  1- 3 |  4- 6 |  7- 9 || total
-------------------------+-------+-------+-------++-------
Melee: Dagger            |    98 |   211 |     3 ||   312
       Punch             |     1 |     3 |       ||     4
Throw: Dart              |    13 |    24 |       ||    37
 Stab: Sleeping          |     7 |     6 |       ||    13
Armor: Robe              |    10 |    30 |       ||    40
Dodge: Dodged            |    49 |   144 |     2 ||   195
